 Dungeon Crawl Stone Soup version 0.21-a0-263-gf26e180 (webtiles) character file.

431 CakeIsGreat the Skirmisher (level 6, -2/40 HPs)
             Began as a Gargoyle Fighter on Sept 8, 2017.
             Slain by a white imp (5 damage)
             ... summoned by Natasha
             ... on level 3 of the Dungeon.
             The game lasted 00:06:42 (3236 turns).

CakeIsGreat the Skirmisher (Gargoyle Fighter)       Turns: 3236, Time: 00:06:43

Health: -2/40      AC: 14    Str: 22    XL:     6   Next: 99%
Magic:  6/6        EV:  5    Int:  8    God:
Gold:   225        SH:  9    Dex:  9    Spells: 5/5 levels left

rFire    . . .     SeeInvis .   a - +0 flail
rCold    . . .     Gourm    .   c - +0 shield
rNeg     + . .     Faith    .   j - +0 chain mail
rPois    ∞         Spirit   .   (no helmet)
rElec    +         Reflect  .   (no cloak)
rCorr    .         Harm     .   (no gloves)
MR       .....                  (no boots)
Stlth    ..........             (no amulet)
HPRegen  0.13/turn              (no ring)
MPRegen  0.10/turn              (no ring)

@: very slow
A: negative energy resistance 1, electricity resistance, unbreathing,
petrification resistance, rot immunity, AC +4
a: no special abilities


You were on level 3 of the Dungeon.
You were not hungry.

You visited 1 branch of the dungeon, and saw 3 of its levels.
You also visited: Sewer.

You collected 225 gold pieces.

Inventory:

Hand Weapons
 a - a +0 flail (weapon)
Missiles
 n - 71 stones (quivered)
 u - 8 javelins
Armour
 b - a +0 scale mail
 c - a +0 shield (worn)
 j - a +0 chain mail (worn)
Jewellery
 l - a cursed -2 ring of protection {unknown}
Scrolls
 e - a scroll of remove curse {unknown}
 g - a scroll of fog {unknown}
 h - a scroll of vulnerability {unknown}
 i - 5 scrolls of identify {unknown}
 o - a scroll of amnesia {unknown}
 t - a scroll of enchant armour {unknown}
 v - a scroll of random uselessness {unknown}
Potions
 d - 4 potions of might
 p - a potion of heal wounds {unknown}
 s - a potion of flight {unknown}
Comestibles
 f - 7 bread rations
 k - 2 meat rations
 m - 3 royal jellies
 q - 4 fruits
 r - 20 chunks of flesh


   Skills:
 * Level 5.0 Fighting
 * Level 3.8 Maces & Flails
 + Level 2.2 Throwing
 * Level 4.7 Armour
 + Level 4.4 Shields


You had 5 spell levels left.
You didn't know any spells.

Dungeon Overview and Level Annotations

Branches:
Dungeon (3/15)

Altars:
Trog

Annotations:
D:3 Natasha


Innate Abilities, Weirdness & Mutations

You are resistant to torment.
Your stone body is resilient. (AC +4)
You are immune to poison.
You resist negative energy. (rN+)
You are resistant to electric shocks. (rElec)
You can survive without breathing.
You are immune to petrification.
You are immune to rotting.


Message History

Natasha stares at you and mumbles some strange words.
The magic dart hits you!
* * * LOW HITPOINT WARNING * * *
The white imp gestures at you. The puff of frost hits you!
* * * LOW HITPOINT WARNING * * *
The crimson imp hits you but does no damage.
The white imp gestures at you. The puff of frost hits you!
* * * LOW HITPOINT WARNING * * *
You block Natasha's attack.
You closely miss Natasha.
Natasha is almost dead.
The crimson imp disappears in a puff of smoke!
The crimson imp hits you but does no damage.
Natasha stares at you and mumbles some strange words.
The magic dart hits you! The white imp hits you.
* * * LOW HITPOINT WARNING * * *
The white imp freezes you.
You die...

................................#
.#.............#############...##
.#.<.....###...##########......##
##.......# #...........##.##.#.##
##.......###....##........##.#.##
.#.......##............####..#...
............###.####...##.....>.#
.........##.#≈###≈≈##'......#....
.........##.#.'§@h≈≈≈#..........#
............#≈'≈55≈≈≈#...##.###.#
.....######.#≈###≈≈##'...##.# #.#
.#...###....###.####....###.###.#
..........#............## #.#...#
.#......##..#..........# #..>#.#
........#..#..........## #..##.#
..........##..........# ###..##.#
##.....##.##..<.......###....##.#


You could see Natasha, a crimson imp and a white imp.

Vanquished Creatures
  2 bullfrogs (Sewer)
  Natasha (twice) (D:3)
  4 gnolls (D:3)
  6 adders
  9 oozes (Sewer)
  15 leopard geckos
  15 ball pythons (Sewer)
  15 giant cockroaches
  11 goblins
  4 hobgoblins
  6 jackals
  A quokka (D:3)
  5 bats
  15 frilled lizards
  8 kobolds
  5 rats
123 creatures vanquished.

Notes
Turn   | Place    | Note
-------+----------+-------------------------------------------
     0 | D:1      | CakeIsGreat the Gargoyle Fighter began the quest for the Orb.
     0 | D:1      | Reached XP level 1. HP: 14/14 MP: 1/1
   255 | D:1      | Reached XP level 2. HP: 19/19 MP: 2/2
   722 | D:2      | Found a bloodstained altar of Trog.
   746 | D:2      | Reached XP level 3. HP: 23/23 MP: 3/3
  1158 | D:2      | Reached skill level 1 in Throwing
  1632 | D:3      | Noticed Natasha
  1648 | D:3      | Reached XP level 4. HP: 25/29 MP: 4/4
  1669 | D:3      | Reached skill level 4 in Fighting
  1674 | D:3      | Killed Natasha
  1674 | D:3      | Reached XP level 5. HP: 11/33 MP: 5/5
  1728 | D:3      | Noticed Natasha
  1734 | D:3      | Killed Natasha
  1973 | D:3      | Found a glowing drain.
  1977 | Sewer    | Entered a sewer
  2554 | Sewer    | Reached XP level 6. HP: 39/39 MP: 6/6
  3162 | Sewer    | Reached skill level 5 in Fighting
  3222 | D:3      | Noticed Natasha
  3236 | D:3      | Slain by a white imp

Vault maps used:
D:1:      lemuel_arrival_behind_the_door_small
D:2:      first_bread, grunt_ministairs_14, bloody_trog
D:3:      gup_sewer_entry_bowl, minmay_liquid_box, uniq_natasha
Sewer:    sewer_frog_island_02

Skill      XL: |  1  2  3  4  5  6 |
---------------+-------------------+-----
Throwing       | 1 2 |  2.2
Fighting       | 4 5 |  5.0
Maces & Flails | 3 |  3.8
Armour         | 4 |  4.7
Shields        | 4 |  4.4

Action                   |  1- 3 |  4- 6 || total
-------------------------+-------+-------++-------
Melee: Flail             |   195 |   465 ||   660
  Use: Potion            |       |     1 ||     1
  Eat: Chunk             |     3 |     7 ||    10
Armor: Scale mail        |    23 |       ||    23
       Chain mail        |   129 |   432 ||   561
Dodge: Dodged            |    47 |   151 ||   198
Block: Shield            |   129 |   361 ||   490

Table legend:
 A = Spawn XP
 B = Non-spawn XP
 C = Spawn XP percentage of total XP
 D = Spawn monster count
 E = Non-spawn monster count
 F = Spawn count percentage of total count
 G = Total turns spent on level
                    A         B        C        D         E        F      G
               +---------+---------+-------+---------+---------+-------+---------
         Total |       0 |     616 |   0.0 |       0 |     123 |   0.0 |  3236
               +---------+---------+-------+---------+---------+-------+---------
           D:1 |       0 |      25 |   0.0 |       0 |      16 |   0.0 |   638
           D:2 |       0 |      38 |   0.0 |       0 |      17 |   0.0 |   806
           D:3 |       0 |     156 |   0.0 |       0 |      23 |   0.0 |   554
         Sewer |       0 |     397 |   0.0 |       0 |      67 |   0.0 |  1238
               +---------+---------+-------+---------+---------+-------+---------
